 Dungeon Crawl Stone Soup version 0.29.1-12-g30fa7ad0bf (webtiles) character file.

Game seed: 7823065050632182537

4 KittyFluff the Trooper (level 1, -2/14 HPs)
             Began as a Gargoyle Berserker on Jan 12, 2023.
             Was a Follower of Trog.
             Slain by a goblin
             ... wielding a +0 club
              (4 damage)
             ... on level 1 of the Dungeon.
             The game lasted 00:01:12 (145 turns).

KittyFluff the Trooper (Gargoyle Berserker)          Turns: 145, Time: 00:01:12

Health: -2/14      AC:  4    Str: 20    XL:     1   Next: 70%
Magic:  1/1        EV: 11    Int:  7    God:    Trog [*.....]
Gold:   12         SH:  0    Dex:  9    Spells: 0/0 levels left

rFire   . . .      SeeInvis .   a - +0 mace
rCold   . . .      Faith    .   (no shield)
rNeg    + . .      Spirit   .   b - +0 animal skin
rPois   ∞          Reflect  .   (no helmet)
rElec   +          Harm     .   (no cloak)
rCorr   .          Rampage  .   (no gloves)
Will    .....                   (no boots)
Stlth   +.........              (no amulet)
HPRegen 0.04/turn               (no ring)
MPRegen 0.07/turn               (no ring)

@: no status effects
A: sickness immunity, AC +2, negative energy resistance 1, electricity
resistance, torment resistance 1, petrification resistance
a: Renounce Religion, Berserk


You were on level 1 of the Dungeon.
You worshipped Trog.
Trog was aware of your devotion.
You visited 1 branch of the dungeon, and saw 1 of its levels.

You collected 12 gold pieces.

Inventory:

Hand Weapons
 a - a +0 mace (weapon)
Missiles
 c - 5 stones (quivered)
Armour
 b - a +0 animal skin (worn)


   Skills:
 + Level 3.3 Fighting
 + Level 3.0 Maces & Flails
 * Level 2.4 Armour
 + Level 1.6 Dodging


You couldn't memorise any spells.
You didn't know any spells.
Your spell library was empty.

Dungeon Overview and Level Annotations

Branches:
Dungeon (1/15)

Altars:


Innate Abilities, Weirdness & Mutations

You are immune to sickness and miasma.
Your stone body is resilient. (AC +2)
You are immune to poison.
You resist negative energy. (rN+)
You are resistant to electric shocks. (rElec)
You are resistant to unholy torment.
You are immune to petrification.


Message History

Things that are here:
a +0 dagger; a hobgoblin corpse
There is a stone staircase leading down here.
A rat comes into view.
You closely miss the rat.
The rat bites you but does no damage. x2
You closely miss the rat. The rat bites you.
You barely miss the rat. The rat barely misses you.
You hit the rat.
The rat is severely wounded.
The rat bites you.
You hit the rat.
You kill the rat!
Trog accepts your kill.
You see here a rat corpse.
A frilled lizard comes into view.
Found 11 gold pieces.
The frilled lizard hisses angrily.
You hear a shout!
A goblin comes into view. It is wielding a +0 dagger.
A goblin comes into view. It is wielding a +0 club.
The goblin shouts!
You hit the frilled lizard but do no damage.
The frilled lizard closely misses you.
You completely miss the frilled lizard. The frilled lizard bites you.
A goblin comes into view. It is wielding a +0 dagger.
You barely miss the frilled lizard. The frilled lizard barely misses you.
You thump the frilled lizard!
You kill the frilled lizard!
Trog accepts your kill.
You barely miss the goblin. The goblin hits you but does no damage.
The goblin hits you with a +0 dagger.
You thump the goblin!
You kill the goblin!
Trog accepts your kill.
You closely miss the goblin. The goblin hits you with a +0 club.
You miss the goblin. The goblin hits you with a +0 club.
* * * LOW HITPOINT WARNING * * *
You barely miss the goblin. The goblin hits you with a +0 club.
* * * LOW HITPOINT WARNING * * *
The goblin hits you with a +0 club.
You die...

#. ####. ....## ##
...# ....# #.#
##..#.## ...#
#.###.......
#..######.#..#
#..#
#.$..........# #..
#g# #..# #..
#@########..####..
#..............†..
##########..#.....
#........
######... ##.. #..
###


You could see a goblin.

Vanquished Creatures
  A hobgoblin (D:1)
  A kobold (D:1)
  A frilled lizard (D:1)
  A goblin (D:1)
  A rat (D:1)
5 creatures vanquished.

Notes
Turn   | Place    | Note
-------+----------+-------------------------------------------
     0 | D:1      | KittyFluff the Gargoyle Berserker began the quest for the
                  | Orb.
     0 | D:1      | Reached XP level 1. HP: 14/14 MP: 1/1
   145 | D:1      | Slain by a goblin

Illustrated notes

Levels and vault maps discovered:
D:1:      sevenhm_arrival_forest_fort_large_2, layout_loops_ring,
          minmay_statues_item, minmay_small_reverse_x

Action                   || total
-------------------------++-------
Melee: Mace              ||    18
Armor: Animal skin       ||     4
Dodge: Dodged            ||     5
